Map: Frozen Temple

Players

Voltz

  • Race: Zerg Zerg
  • League: Grandmaster

Pokebunny - Winner!

  • Race: Terran Terran
  • League: Grandmaster

VOD

Have the link to the VOD?

Description

Time

  • Played on: April 5, 2016, 12:18 a.m.
  • Length: 13:00
Show
View Real Time Build Order
Export as new Build Order

Voltz Zerg 

Build Orders: Hatch First 

Get SALT Encoding   

  12  0:00  Drone  
  13  0:14  Overlord  
  13  0:17  Drone  
  14  0:32  Drone x2  
  16  0:36  Drone  
  17  0:51  Hatchery  
  17  0:55  Drone  
  17  0:58  Drone  
  18  1:10  Extractor  
  17  1:14  Spawning Pool  
  17  1:17  Drone  
  17  1:21  Drone  
  18  1:30  Drone  
  19  1:40  Overlord  
  19  1:51  Drone  
  20  2:00  Queen  
  22  2:01  Zergling x2  
  22  2:02  Queen  
  22  2:03  Zergling x2  
  26  2:10  Metabolic Boost  
  26  2:13  Drone  
  27  2:16  Drone  
  27  2:32  Drone  
  27  2:33  Zergling x2  
  29  2:38  Queen  
  29  2:40  Overlord  
  31  2:45  Drone x2  
  31  2:47  Drone  
  34  2:55  Drone  
  34  2:58  Drone  
  36  3:05  Overlord  
  36  3:10  Drone  
  36  3:12  Drone  
  38  3:15  Drone  
  38  3:17  Drone x4  
  43  3:20  Pneumatized Carapace  
  43  3:30  Drone x2  
  45  3:37  Drone x2  
  45  3:41  Overlord  
  47  3:46  Roach Warren  
  45  3:49  Evolution Chamber x2  
  45  3:53  Drone  
  45  3:54  Drone, Extractor  
  45  3:55  Extractor  
  43  3:58  Overlord  
  43  4:00  Hatchery  
  43  4:02  Drone x2  
  44  4:03  Drone  
  45  4:10  Drone  
  45  4:11  Drone x2  
  45  4:13  Lair  
  48  4:19  Drone  
  48  4:20  Drone x3  
  48  4:22  Drone  
  53  4:29  Roach  
  55  4:33  Zerg Missile Weapons Level 1  
  55  4:40  Roach x2  
  55  4:44  Extractor  
  58  4:46  Roach  
  58  4:50  Roach  
  58  4:52  Drone x3  
  61  4:53  Queen  
  62  5:01  Drone x2  
  64  5:10  Drone  
  64  5:11  Infestation Pit  
  64  5:15  Ravager x3  
  64  5:18  Drone  
  70  5:21  Drone x5  
  70  5:22  Spore Crawler  
  72  5:31  Drone  
  73  5:37  Drone  
  73  5:40  Overlord x2  
  73  5:41  Overlord, Spore Crawler  
  73  5:42  Queen  
  73  5:43  Spore Crawler  
  73  5:47  Zerg Ground Armor Level 1  
  73  5:48  Glial Reconstitution  
  74  6:01  Drone x7  
  80  6:06  Infestation Pit  
  80  6:08  Drone x2  
  80  6:09  Drone  
  82  6:12  Drone  
  82  6:16  Drone  
  84  6:25  Overlord x2, Extractor x2  
  83  6:27  Drone x3  
  83  6:28  Drone  
  83  6:30  Drone  
  87  6:34  Drone  
  87  6:36  Roach x3  
  87  6:37  Zerg Melee Weapons Level 1  
  96  6:47  Roach x6  
  96  6:52  Ravager x2  
  96  6:53  Roach  
  110  6:56  Spine Crawler  
  110  6:58  Roach x2  
  110  7:00  Overlord  
  96  7:17  Hive  
  96  7:20  Drone x9  
  96  7:21  Drone x2  
  107  7:27  Hatchery  
  107  7:30  Infestor x2  
  107  7:33  Infestor  
  113  7:37  Drone  
  113  7:38  Roach  
  114  7:46  Roach x4  
  122  7:53  Overlord x2  
  120  8:00  Drone  
  120  8:01  Drone  
  120  8:02  Ravager  
  120  8:03  Ravager x5  
  119  8:08  Roach  
  119  8:09  Roach x3  
  112  8:19  Roach x5  
  118  8:20  Roach x2  
  118  8:21  Roach  
  112  8:29  Roach x3  
  110  8:38  Roach  
  110  8:39  Roach x2  
  105  8:44  Ravager x4  
  105  8:46  Ravager  
  105  8:47  Zergling x6  
  105  8:48  Zergling x2  
  113  8:49  Zergling x2  
  113  8:51  Ravager  
  94  9:10  Roach x6  
  94  9:16  Roach  
  101  9:21  Extractor  
  101  9:22  Extractor  
  99  9:27  Roach x6  
  111  9:31  Roach x2  
  111  9:34  Drone x2  
  111  9:35  Drone  
  111  9:38  Drone  
  119  9:40  Queen  
  119  9:45  Overlord  
  121  9:46  Overlord  
  121  9:48  Overlord  
  121  9:54  Ravager  
  122  10:04  Roach x6  
  117  10:14  Roach x3  
  117  10:19  Roach x2  
  100  10:22  Roach  
  100  10:25  Queen x2  
  100  10:27  Roach  
  100  10:28  Roach  
  100  10:33  Roach  
  101  10:39  Ravager  
  101  10:40  Ravager x6  
  103  10:43  Roach x2  
  103  10:45  Ravager  
  108  10:50  Hatchery  
  108  10:52  Roach  
  109  11:01  Zergling x4  
  111  11:06  Zergling x2  
  111  11:10  Zergling x2  
  113  11:24  Roach x3  
  119  11:32  Drone, Ultralisk Cavern  
  109  11:43  Roach x7  
  94  11:55  Roach  
  94  11:56  Roach  
  87  12:04  Ravager x3  
  87  12:05  Zergling x2  
  87  12:06  Zergling x4, Queen x2  
  97  12:12  Zergling x2  
  98  12:21  Zergling x4  
  97  12:23  Ravager x3  
  97  12:26  Zergling x6  
Show
View Real Time Build Order
Export as new Build Order

Pokebunny Terran - Winner!

Build Orders: Liberator Opening, Reaper Expand, Bio Tank 

Get SALT Encoding   

  12  0:00  SCV  
  13  0:13  SCV  
  14  0:17  Supply Depot  
  14  0:25  SCV  
  15  0:39  SCV  
  15  0:40  Barracks  
  16  0:43  Refinery  
  16  0:51  SCV  
  17  1:03  SCV  
  18  1:15  SCV  
  19  1:27  Orbital Command, Reaper  
  20  1:40  Command Center  
  20  1:53  SCV  
  21  1:58  Marine, Supply Depot  
  22  2:06  SCV  
  23  2:11  Factory  
  23  2:16  Refinery  
  23  2:20  Barracks Reactor, SCV  
  24  2:35  SCV  
  25  2:47  SCV  
  26  2:54  Orbital Command  
  26  2:55  Command Center  
  26  3:03  Hellion  
  30  3:06  Hellion  
  30  3:09  SCV  
  31  3:18  Starport  
  31  3:19  Barracks Tech Lab  
  31  3:25  SCV x2  
  33  3:38  Liberator  
  33  3:41  Hellion x2  
  37  3:43  Marine, Stimpack  
  37  3:46  SCV x2  
  40  3:54  Supply Depot  
  40  3:59  SCV x2  
  45  4:09  Orbital Command  
  45  4:16  Barracks  
  45  4:19  Barracks  
  45  4:21  Factory Reactor  
  45  4:22  Marine  
  46  4:36  SCV x3  
  49  4:42  Refinery, Starport Reactor  
  49  4:43  Refinery, Marine  
  50  5:01  Marine, SCV x2  
  50  5:02  SCV  
  50  5:05  Engineering Bay x2  
  54  5:07  Factory Tech Lab  
  54  5:10  Marine x2  
  54  5:13  SCV x2  
  58  5:19  Marine  
  59  5:21  SCV  
  59  5:25  SCV  
  59  5:27  Marine  
  59  5:28  Marine x2  
  63  5:29  Marine  
  63  5:35  Supply Depot  
  65  5:36  Supply Depot  
  65  5:38  Siege Tank  
  65  5:39  Terran Infantry Armor Level 1, Terran Infantry Weapons Level 1  
  68  5:50  Supply Depot  
  68  5:55  Marine  
  68  5:56  Combat Shields, Orbital Command, Marine x4, Medivac x2  
  77  6:03  SCV x2  
  76  6:10  Siege Tank  
  79  6:17  Barracks x2  
  79  6:18  SCV x2  
  81  6:22  SCV  
  81  6:24  Marine x2  
  81  6:25  Marine x3  
  87  6:28  Supply Depot  
  87  6:34  Armory  
  87  6:35  Supply Depot  
  87  6:44  Siege Tank  
  87  6:45  Medivac  
  87  6:46  Medivac  
  89  7:13  Marine x3  
  89  7:14  Marine x2  
  87  7:16  Siege Tank  
  87  7:20  Barracks Reactor x2  
  87  7:21  SCV x3  
  93  7:24  Factory, Medivac x2  
  97  7:30  Barracks, Supply Depot  
  97  7:31  Barracks x2  
  97  7:35  SCV x3  
  97  7:36  Refinery  
  100  7:39  Terran Infantry Weapons Level 2  
  98  7:52  Siege Tank  
  98  7:53  Marine x3  
  98  7:54  Marine x2  
  106  8:04  Medivac x2  
  106  8:18  Marine x3  
  106  8:19  Marine, Marauder  
  108  8:23  Barracks Tech Lab x2  
  108  8:24  Siege Tank  
  102  8:42  Barracks Reactor  
  102  8:43  Marine x3, Marauder x2  
  102  8:44  Marine x5, Marauder  
  102  8:45  Terran Infantry Armor Level 2  
  116  9:01  Marine  
  116  9:02  Marine  
  117  9:05  Siege Tank  
  117  9:07  Marauder  
  103  9:15  Marine x2  
  103  9:16  Marine x4, Marauder x2  
  95  9:17  Medivac  
  95  9:19  Marine, SCV x2  
  95  9:20  Marine, SCV  
  95  9:23  Medivac  
  104  9:27  Marine, Supply Depot x2  
  104  9:30  Factory Tech Lab  
  105  9:33  Marine  
  105  9:34  SCV x3  
  105  9:36  Marine  
  105  9:37  Marine x4  
  105  9:38  Marine x3  
  117  9:48  Siege Tank, Marauder x2  
  117  9:49  Concussive Shells, Marauder  
  117  9:50  Marine  
  117  9:51  Marine  
  128  10:00  Marine x2  
  128  10:01  Marine x3  
  128  10:03  Marine x2  
  128  10:05  Marine  
  130  10:10  Marauder  
  118  10:20  Marine x2, Marauder  
  118  10:21  Marine x7  
  114  10:22  Siege Tank  
  114  10:23  Siege Tank, Medivac  
  124  10:30  Medivac  
  126  10:42  Supply Depot x2  
  126  10:43  Supply Depot  
  126  10:46  Command Center  
  126  10:50  Marine  
  126  10:51  Marine x6  
  133  11:03  Siege Tank x2, SCV  
  137  11:21  Medivac x2  
  129  11:30  Marine x2  
  129  11:31  Marauder  
  129  11:32  Marine x3, Marauder  
  136  11:33  Marine, Marauder  
  134  11:45  Marine x4  
  127  11:48  Marine x2  
  127  11:52  Marauder  
  127  11:54  Marauder  
  123  11:57  Siege Tank  
  123  11:58  Siege Tank  
  123  12:01  Marine x4, Marauder  
  115  12:03  Marine x4  
  115  12:06  Marine x2  
  125  12:21  Marine  
  125  12:22  Marine x5, Marauder x2  
  128  12:23  Marine x2  
Tags
 
Add a new tag
Caveats
  • Supply blocks, unpowered buildings, or Contaminate may cause inaccurate times.
  • Supply counts are checked every 10 seconds.